 Dungeon Crawl Stone Soup version 0.27-a0-633-gc6addc0a40 (webtiles) character file.

Game seed: 15969728329223203683

124 scammafunk the Sneak (level 4, 0/41 HPs)
             Began as a Minotaur Delver on Mar 13, 2021.
             Was a Follower of Nemelex Xobeh.
             Slain by a goblin
             ... wielding a +0 dagger
             ... led by Robin
              (3 damage)
             ... on level 2 of the Dungeon.
             The game lasted 00:09:05 (1348 turns).

scammafunk the Sneak (Minotaur Delver)              Turns: 1348, Time: 00:09:05

Health: 0/41       AC:  4    Str: 17    XL:     4   Next: 81%
Magic:  0/3        EV: 12    Int:  7    God:    Nemelex Xobeh [*.....]
Gold:   118        SH:  0    Dex: 12    Spells: 3/3 levels left

rFire    . . .     SeeInvis .   a - +0 hand axe
rCold    . . .     Faith    .   (no shield)
rNeg     . . .     Spirit   .   b - +0 leather armour
rPois    .         Reflect  .   (helmet restricted)
rElec    .         Harm     .   (no cloak)
rCorr    .         Rampage  .   (no gloves)
Will     .....                  s - +0 pair of boots
Stlth    +++.......             (no amulet)
HPRegen  0.13/turn              (no ring)
MPRegen  0.08/turn              (no ring)

@: no status effects
A: horns 2, retaliatory headbutt
a: Renounce Religion, Draw Escape, Draw Destruction, Draw Summoning


You were on level 2 of the Dungeon.
You worshipped Nemelex Xobeh.
Nemelex Xobeh was aware of your devotion.
You visited 1 branch of the dungeon, and saw 5 of its levels.

You collected 118 gold pieces.

Inventory:

Hand Weapons
 a - a +0 hand axe (weapon)
Armour
 b - a +0 leather armour (worn)
 s - a +0 pair of boots (worn)
Wands
 g - a wand of digging (3)
 h - a wand of random effects (8)
Scrolls
 c - a scroll of fog
 d - 2 scrolls of magic mapping
 e - a scroll of fear
 j - 2 scrolls of amnesia {unknown}
 m - 3 scrolls of teleportation {unknown}
 n - 2 scrolls of identify {unknown}
 o - 2 scrolls of blinking {unknown}
 q - a scroll of immolation {unknown}
 t - a scroll of enchant weapon {unknown}
 u - a scroll of enchant armour {unknown}
Potions
 f - 3 potions of haste
 i - a potion of flight {unknown}
 k - a potion of degeneration {unknown}
 l - a potion of lignification {unknown}
 p - 3 potions of curing {unknown}
 r - a potion of mutation {unknown}


   Skills:
 * Level 4.4 Fighting
 * Level 3.4 Axes
 + Level 1.3 Armour
 - Level 2.3 Dodging
 - Level 5.0 Stealth
 + Level 0.5 Invocations


You had 3 spell levels left.
You didn't know any spells.
Your spell library was empty.

Dungeon Overview and Level Annotations

Branches:
Dungeon (5/15)
 Temple: D:4-7

Altars:
Ashenzari
Nemelex Xobeh
Ru
Xom

Annotations:
D:2 Robin


Innate Abilities, Weirdness & Mutations

You have a pair of horns on your head.
You reflexively headbutt those who attack you in melee.


Message History

You closely miss the hobgoblin. You hit the giant cockroach.
You kill the giant cockroach!
The hobgoblin closely misses you. The adder closely misses you.
Robin closely misses you. The hobgoblin barely misses you.
You barely miss the adder. You headbutt the adder.
The adder is almost dead.
You hit the hobgoblin but do no damage. The adder bites you.
Robin roars a battlecry!
The hobgoblin goes into a battle-frenzy!
The hobgoblin barely misses you.
You closely miss the hobgoblin. You hit the adder.
You kill the adder!
You completely miss the hobgoblin. Robin barely misses you.
The hobgoblin closely misses you.
You hit the hobgoblin.
The hobgoblin is almost dead.
You closely miss the goblin. You hit the hobgoblin.
You hit the dart slug but do no damage. The hobgoblin closely misses you.
You furiously retaliate!
You headbutt the hobgoblin.
You kill the hobgoblin!
Robin throws the goblin at you! The goblin hits you with a +0 dagger.
* * * LOW HITPOINT WARNING * * *
The hobgoblin misses you. The dart slug closely misses you.
You furiously retaliate!
You headbutt the dart slug! You barely miss the goblin.
Your headbutt misses the goblin. You hit the hobgoblin.
You kill the hobgoblin!
You hit the goblin. You slash the dart slug!
You kill the dart slug!
Robin hits you from afar with a +2 antimagic spear.
* * * LOW HITPOINT WARNING * * *
You feel your power leaking away. The goblin hits you but does no damage.
The goblin closely misses you.
Robin hits you from afar with a +2 antimagic spear.
* * * LOW HITPOINT WARNING * * *
The goblin hits you with a +0 dagger.
* * * LOW HITPOINT WARNING * * *
The goblin hits you with a +0 dagger.
You die...
Your body disappears without a glow.

#>..................
#...................
#.#####.#.......####
#.#####.#.......#
#.....#.#.......#
#######.#.#.......#
#....##.#.#.......#
.#.#....##.#.#.......#
...'..)g@....'.......#
#.#..)g##.###.......#
#..†)##.# #.......#
#.g..#### #########
#....# #....# ..####
.#. #.#.


You could see Robin and 2 goblins.

Vanquished Creatures
  Ijyb (D:4)
  3 adders
  An ooze (D:2)
  6 dart slugs
  A leopard gecko (D:2)
  3 bats
  6 giant cockroaches
  11 goblins
  6 hobgoblins
  4 jackals (D:3)
  A quokka (D:2)
  3 frilled lizards
  3 kobolds
  2 rats (D:1)
51 creatures vanquished.

Notes
Turn   | Place    | Note
-------+----------+-------------------------------------------
     0 | D:5      | scammafunk the Minotaur Delver began the quest for the Orb.
     0 | D:5      | Reached XP level 1. HP: 19/19 MP: 0/0
    22 | D:4      | Noticed Ijyb
    36 | D:4      | Killed Ijyb
    37 | D:4      | Reached XP level 2. HP: 18/27 MP: 1/1
    85 | D:3      | Reached XP level 3. HP: 28/33 MP: 2/2
   216 | D:2      | Found a shimmering altar of Xom.
   217 | D:2      | Found a shimmering altar of Xom.
   218 | D:2      | Found a shimmering altar of Xom.
   218 | D:2      | Found a shimmering altar of Xom.
   219 | D:2      | Found a shimmering altar of Xom.
   226 | D:2      | Found a shimmering altar of Xom.
   241 | D:2      | Reached skill level 5 in Stealth
   290 | D:2      | You fall into a shaft and drop 1 floor!
   368 | D:3      | Found a sparkling altar of Nemelex Xobeh.
   375 | D:3      | Became a worshipper of Nemelex Xobeh the Trickster
   426 | D:2      | Found a sacrificial altar of Ru.
   501 | D:2      | Reached XP level 4. HP: 40/40 MP: 3/3
   717 | D:1      | Reached skill level 1 in Armour
   991 | D:1      | Reached * piety under Nemelex Xobeh
  1042 | D:2      | You fall into a shaft and drop 1 floor!
  1117 | D:2      | Found a broken altar of Ashenzari.
  1331 | D:2      | Noticed Robin
  1348 | D:2      | Slain by a goblin

Illustrated notes

Levels and vault maps discovered:
D:1:      minmay_arrival_five_plusses, layout_rooms,
          amcnicky_mini_rare_corridor_liquid, minmay_heptomino_d4
D:2:      layout_basic, lemuel_crystal_altar, xom_redecorated,
          nicolae_ru_the_path_less_chosen, minmay_worlds_worst_comb, uniq_robin
D:3:      layout_basic, nemelex_xobeh_ov_fountains_minmay, hex_medium,
          uniq_crazy_yiuf_cottage
D:4:      layout_cave_pools, lemuel_coloured_pillars_altar,
          minmay_temple_entry_slanted, minmay_stone_trees_large, uniq_menkaure,
          uniq_ijyb
D:5:      layout_rooms, basic_altar, minmay_fractal_squares_5

Skill      XL: |  1  2  3  4 |
---------------+-------------+-----
Fighting       | 4 |  4.4
Stealth        | 5 |  5.0
Armour         | 1 |  1.3
Axes           | 3 |  3.4
Dodging        | |  2.3
Invocations    | |  0.5

Action                   |  1- 3 |  4- 6 || total
-------------------------+-------+-------++-------
Melee: Hand axe          |    38 |    56 ||    94
       Headbutt          |    10 |     8 ||    18
 Stab: Sleeping          |     4 |     8 ||    12
Armor: Leather armour    |    11 |    19 ||    30
Dodge: Dodged            |    34 |    41 ||    75

Table legend: (Time is in decaauts)
 A = Elapsed time spent in this place.
 B = Non-inter-level travel time spent in this place.
 C = Inter-level travel time spent in this place.
 D = Time resting spent in this place.
 E = Time spent auto-exploring this place.
 F = Levels seen in this place.
 G = Mean time per level.
                   A        B        C        D        E       F      G
               +--------+--------+--------+--------+--------+-----+--------+
         Total |   1365 |   1357 |      8 |      0 |    885 |   5 |  273.0 |
       Dungeon |   1365 |   1357 |      8 |      0 |    885 |   5 |  273.0 |
               +--------+--------+--------+--------+--------+-----+--------+

Top non-repeatable levels by time:
     D:2: 545 daAuts
     D:1: 535 daAuts
     D:3: 217 daAuts
     D:4: 55 daAuts
     D:5: 11 daAuts
